 Dungeon Crawl Stone Soup version 0.23.2-1-ga50397a6bc (webtiles) character file.

Game seed: 10065698451143486538

803 Peloso the Slasher (level 7, -1/61 HPs)
             Began as a Minotaur Fighter on Apr 14, 2019.
             Slain by an ufetubus (3 damage)
             ... summoned by Eustachio
             ... on level 5 of the Dungeon.
             The game lasted 00:06:52 (3621 turns).

Peloso the Slasher (Minotaur Fighter)               Turns: 3621, Time: 00:06:52

Health: -1/61      AC: 10    Str: 26      XL:     7   Next: 59%
Magic:  6/6        EV:  7    Int: 10      God:
Gold:   404        SH: 10    Dex:  9 (11) Spells: 6/6 levels left

rFire    . . .     SeeInvis .   a - +0 long sword
rCold    . . .     Gourm    .   c - +0 shield
rNeg     . . .     Faith    .   o - +0 chain mail
rPois    .         Spirit   .   (helmet restricted)
rElec    .         Reflect  .   (no cloak)
rCorr    +         Harm     .   (no gloves)
MR       .....                  (no boots)
Stlth    ..........             (no amulet)
HPRegen  0.20/turn              r - ring of resist corrosion
MPRegen  0.10/turn              (no ring)

@: mighty, brilliant
A: retaliatory headbutt, horns 2
a: no special abilities


You were on level 5 of the Dungeon.
You were very hungry.

You visited 1 branch of the dungeon, and saw 5 of its levels.

You collected 404 gold pieces.

Inventory:

Hand Weapons
 a - a +0 long sword (weapon)
Armour
 b - a +0 scale mail
 c - a +0 shield (worn)
 o - a +0 chain mail (worn)
Jewellery
 r - a ring of resist corrosion (left hand)
Wands
 q - a wand of flame (8)
Scrolls
 e - 3 scrolls of remove curse {unknown}
 h - a scroll of blinking {unknown}
 i - a scroll of enchant weapon {unknown}
 j - a scroll of fear {unknown}
 k - 2 scrolls of identify {unknown}
 l - 4 scrolls of enchant armour {unknown}
 m - 2 scrolls of fog {unknown}
 n - 2 scrolls of magic mapping {unknown}
 p - a scroll of teleportation {unknown}
 s - a scroll of amnesia {unknown}
 v - a scroll of immolation {unknown}
Potions
 g - a potion of brilliance
Comestibles
 f - 9 rations


   Skills:
 + Level 5.0 Fighting
 + Level 7.0 Long Blades
 + Level 6.1 Armour
 + Level 1.0 Dodging
 + Level 0.2 Stealth
 + Level 5.7 Shields


You had 6 spell levels left.
You didn't know any spells.
Your spell library was empty.

Dungeon Overview and Level Annotations

Branches:
Dungeon (5/15)
 Temple: D:4-7

Altars:
Fedhas
Trog
Wu Jian

Annotations:
D:5 Eustachio


Innate Abilities, Weirdness & Mutations

You reflexively headbutt those who attack you in melee.
You have a pair of horns on your head.


Message History

You block the quokka's attack. You block the crimson imp's attack.
Unknown command.
You closely miss the crimson imp.
Eustachio mumbles some strange words.
You block the quokka's attack.
The crimson imp hits you but does no damage.
Unknown command.
The quokka barely misses you. You block the crimson imp's attack.
The ufetubus barely misses you. You block the ufetubus's attack.
Eustachio hits you with a +0 rapier.
* * * LOW HITPOINT WARNING * * *
The quokka twitches its whiskers.
The quokka bites you but does no damage.
Unknown command.
You closely miss Eustachio. You headbutt Eustachio!
Eustachio is heavily wounded.
You block the ufetubus's attack. The ufetubus barely misses you.
The crimson imp hits you but does no damage.
You block the quokka's attack. The ufetubus hits you.
You die...

....... #..#### .......
###>....## .......##
###........### ........##
##............. .........#
##............## .........#
##.............# .........#
###..............#
...>....†###r5..............#
........#†.†.@55............#
...........###@..............#
...........# #............##..
#..........# ##.......##### #.
#.........## #....#### #
#######...# ###.# ##..# .#
#..# . #..


You could see Eustachio, a crimson imp, a white imp, an ufetubus and a quokka.

Vanquished Creatures
  Menkaure (D:4)
  A phantom (D:5)
  A centaur (D:5)
  A scorpion (D:4)
  A howler monkey (D:5)
  A centaur zombie (D:5)
  An orc priest (D:3)
  A hound (D:5)
  3 worker ants
  3 orc wizards
  Terence (D:2)
  A howler monkey skeleton (D:2)
  7 adders
  An ooze (D:4)
  3 dart slugs
  3 worms
  3 leopard geckos
  8 orcs
  6 bats
  2 giant cockroaches
  5 goblins
  5 hobgoblins
  5 jackals
  9 kobolds
  2 quokkas
  A ball python (D:3)
  5 frilled lizards
  8 rats
89 creatures vanquished.

Notes
Turn   | Place    | Note
-------+----------+-------------------------------------------
     0 | D:1      | Peloso the Minotaur Fighter began the quest for the Orb.
     0 | D:1      | Reached XP level 1. HP: 19/19 MP: 0/0
   312 | D:1      | Reached XP level 2. HP: 27/27 MP: 1/1
   828 | D:1      | Reached XP level 3. HP: 33/33 MP: 2/2
  1099 | D:2      | Found an ornate altar of the Wu Jian Council.
  1115 | D:2      | Reached skill level 3 in Long Blades
  1228 | D:2      | Noticed Terence
  1249 | D:2      | Killed Terence
  1249 | D:2      | Reached XP level 4. HP: 30/40 MP: 3/3
  1619 | D:3      | Reached skill level 4 in Long Blades
  1640 | D:3      | Reached skill level 5 in Shields
  1640 | D:3      | Reached XP level 5. HP: 30/46 MP: 4/4
  2542 | D:3      | Reached skill level 5 in Long Blades
  2542 | D:3      | Reached XP level 6. HP: 12/53 MP: 5/5
  2791 | D:4      | Reached skill level 5 in Armour
  2799 | D:4      | Reached skill level 1 in Dodging
  2884 | D:4      | Noticed Menkaure
  2894 | D:4      | Killed Menkaure
  3162 | D:5      | Entered Level 5 of the Dungeon
  3162 | D:5      | Found a blossoming altar of Fedhas.
  3171 | D:5      | Reached skill level 6 in Long Blades
  3206 | D:5      | Reached XP level 7. HP: 42/60 MP: 6/6
  3289 | D:5      | Reached skill level 5 in Fighting
  3491 | D:5      | Found a bloodstained altar of Trog.
  3552 | D:5      | Reached skill level 7 in Long Blades
  3556 | D:5      | Noticed Eustachio
  3615 | D:5      | HP: 3/61 [quokka[Eustachio] (2)]
  3620 | D:5      | HP: 2/61 [Eustachio/+0 rapier (1)]
  3621 | D:5      | Slain by an ufetubus

Skill      XL: |  1  2  3  4  5  6  7 |
---------------+----------------------+-----
Shields        | 4 5 |  5.7
Fighting       | 4 5 |  5.0
Armour         | 4 5 6 |  6.1
Long Blades    | 3 4 5 6 7 |  7.0
Dodging        | 1 |  1.0
Stealth        | |  0.2

Action                   |  1- 3 |  4- 6 |  7- 9 || total
-------------------------+-------+-------+-------++-------
Melee: Long sword        |    99 |   138 |   104 ||   341
       Headbutt          |    11 |    21 |    15 ||    47
Evoke: Wand              |       |       |     3 ||     3
  Use: Potion            |       |       |     3 ||     3
  Eat: Chunk             |     1 |     6 |     1 ||     8
Armor: Scale mail        |    42 |       |       ||    42
       Chain mail        |     5 |    51 |    94 ||   150
Dodge: Dodged            |    38 |    23 |    42 ||   103
Block: Shield            |    58 |    63 |    95 ||   216
       Rpst.: Long sword |    14 |     3 |     6 ||    23
